[Event "Late-Titled-Tuesday-Blitz-September-05-2023"]
[Site "Chess.com"]
[Date "2023.09.05"]
[Round "7"]
[White "maksimys18"]
[Black "KATPAH"]
[Result "0-1"]
[WhiteElo "2504"]
[BlackElo "2681"]
[TimeControl "180+1"]
[EndTime "15:19:01 PDT"]
[Termination "KATPAH won by checkmate"]

1. d4 e5 2. dxe5 d6 3. Nf3 Nc6 4. c4 Bg4 5. exd6 Bxd6 6. Nc3 Nf6 7. Bg5 O-O 8. e3 Ne5 9. Be2 Bxf3 10. Bxf3 Nxc4 11. O-O Be5 12. Bxb7 Rb8 13. Qe2 Nxb2 14. Qxb2 Bxh2+ 15. Kh1 Be5 16. Rad1 Qe8 17. Rd3 Ne4 18.
Bf4 Bxc3 19. Rxc3 Nxc3 20. Bxc7 Na4 21. Qb4 a5 22. Qb1 Nc3 23. Qb3 a4 24. Qb2 a3 25. Qb3 Qb5 26. Qxb5 Nxb5 27. Bxb8 Rxb8 28. Rc1 g6 29. Bd5 Rd8 30. e4 Rd7 31. Rc5 Nd4 32.
Ra5 Nc2 33. Bb3 Rd1+ 34. Kh2 Rd2 35. f3 Ne1 36. Rxa3 Nxf3+ 37. Kg3 Ne1 38. Ra7 Rxg2+ 39. Kh3 Rf2 40. a4 Nd3 41. a5 Nc5 42. Bd5 Kg7 43. Rc7 Na6 44. Rc6 Nb4 45. Rc7 Nxd5 46. exd5 Ra2 47.
Rc5 Kf6 48. Kg4 Ke5 49. Rb5 h5+ 50. Kg5 Rg2+ 51. Kh6 h4 52. a6 Ra2 53. Rb6 h3 54. d6 h2 55. d7 h1=Q+ 56. Kg7 Qa8 57. Kxf7 Qd8 58. Rb5+ Kd6 59. Rb3 Qxd7+ 60. Kf6 Rxa6 61.
Rd3+ Kc6 62. Rxd7 Kxd7+ 63. Kg7 g5 64. Kh7 g4 65. Kh8 g3 66. Kg7 g2 67. Kf8 g1=Q 68. Kf7 Qg6+ 69. Kf8 Ra8# 0-1

[Event "Late-Titled-Tuesday-Blitz-September-05-2023"]
[Site "Chess.com"]
[Date "2023.09.05"]
[Round "7"]
[White "whitemirrorninja"]
[Black "KorolDimitriy75"]
[Result "0-1"]
[WhiteElo "2489"]
[BlackElo "2341"]
[TimeControl "180+1"]
[EndTime "15:19:06 PDT"]
[Termination "KorolDimitriy75 won by checkmate"]

1. d4 Nf6 2. Nc3 d5 3. Bf4 g6 4.
e3 Bg7 5. h4 h5 6. Be2 O-O 7. Nf3 c5 8. Ne5 Nc6 9. dxc5 Qa5 10.
Nxc6 bxc6 11. O-O Qxc5 12. Qd4 Qxd4 13. exd4 Bf5 14. Rac1 Ne4 15. Nxe4 Bxe4 16. Be5 Bxe5 17. dxe5 Rfb8 18. b3 a5 19. c4 a4 20. f3 Bf5 21. cxd5 cxd5 22. Bd1 Bd3 23. Rf2 axb3 24. Bxb3 e6 25. Rd2 Bb5 26. Rdc2 Ba4 27. Bxa4 Rxa4 28.
Rc8+ Rxc8 29. Rxc8+ Kg7 30. Rc2 Rxh4 31. a3 Ra4 32. Ra2 g5 33. Kf2 Kg6 34. g4 hxg4 35. fxg4 Rxg4 36. a4 Rh4 37. Ke3 Rh8 38. a5 Kf5 39.
Kd4 Rh4+ 40. Kc5 Rc4+ 41. Kd6 Rc8 42. Rf2+ Ke4 43. Rxf7 Ra8 44. Rg7 Ra6+ 45. Ke7 Kxe5 46. Rxg5+ Kd4 47. Rg4+ Kc5 48. Ra4 e5 49. Ra1 e4 50.
Kd7 e3 51. Kc7 d4 52. Kb7 Rh6 53. Rc1+ Kb4 54. Rd1 Kc3 55. Rc1+ Kd2 56. Rc6 Rxc6 57. Kxc6 e2 58. a6 e1=Q 59. a7 Qa1 60. a8=Q Qxa8+ 61.
Kc5 Qd8 62. Kc4 d3 63. Kb3 Ke2 64. Kc3 d2 65. Kb3 d1=Q+ 66. Ka3 Q1d7 67. Kb4 Q7c7 68. Kb5 Qdb8+ 69. Ka6 Qca7# 0-1

[Event "Late-Titled-Tuesday-Blitz-September-05-2023"]
[Site "Chess.com"]
[Date "2023.09.05"]
[Round "7"]
[White "Fandorine"]
[Black "grzechu96"]
[Result "1-0"]
[WhiteElo "2929"]
[BlackElo "2674"]
[TimeControl "180+1"]
[EndTime "15:19:11 PDT"]
[Termination "Fandorine won by resignation"]

1. c4 e5 2. g3 Nf6 3. Bg2 d5 4.
cxd5 Nxd5 5. Nf3 Nc6 6. O-O Nb6 7. b3 Be7 8. Bb2 f6 9. Na3 Be6 10. Nc2 O-O 11. e4 Bg4 12. Ne3 Bxf3 13. Qxf3 Nd4 14. Bxd4 Qxd4 15. Nf5 Qd8 16. Rfd1 g6 17. Nxe7+ Qxe7 18. d4 exd4 19. Rxd4 Rad8 20. Rdd1 c6 21. h4 h5 22. Qe3 Kg7 23. a4 Rxd1+ 24. Rxd1 Rd8 25. Rc1 Nc8 26. Bh3 a6 27. Kg2 Nd6 28. Re1 Nf7 29.
f4 Qb4 30. e5 Qd2+ 31. Kf1 Qxe3 32. exf6+ Kxf6 33. Rxe3 Rd6 34. a5 Rd5 35. b4 Rb5 36. Re6+ Kg7 37. Re4 Nd6 38. Rd4 Nf5 39. Bxf5 gxf5 40.
Ke2 Kf6 41. Rc4 Ke6 42. Kd3 Kd5 43. Rd4+ Ke6 44. Kc4 c5 45. bxc5 Rxa5 46. Rd6+ Ke7 47. Rb6 Ra3 48. Rxb7+ Ke6 49. Rb6+ Kd7 50. Kd5 Rd3+ 51. Ke5 Rxg3 52. Kxf5 Rc3 53. Rxa6 Rxc5+ 54. Kg6 Ke7 55. f5 Rc1 56. f6+ Kd7 57. Ra7+ Ke6 58. Re7+ Kd6 59. Kxh5 Rg1 60. Re8 Rf1 61. Kg6 Rg1+ 62.
Kh6 Rf1 63. Kg7 Rg1+ 64. Kf8 Rf1 65. f7 Rf4 66. h5 Rh4 67. Kg7 Rg4+ 68. Kf6 Rf4+ 69. Kg6 1-0

[Event "Late-Titled-Tuesday-Blitz-September-05-2023"]
[Site "Chess.com"]
[Date "2023.09.05"]
[Round "7"]
[White "chessS1r"]
[Black "newyorkmouse"]
[Result "0-1"]
[WhiteElo "2573"]
[BlackElo "2462"]
[TimeControl "180+1"]
[EndTime "15:19:12 PDT"]
[Termination "newyorkmouse won by checkmate"]

1. d4 c5 2. d5 Nf6 3. Nc3 d6 4. e4 g6 5. Bb5+ Nfd7 6. a4 Bg7 7.
Nf3 O-O 8. O-O Nf6 9. Re1 Bg4 10.
h3 Bxf3 11. Qxf3 Nbd7 12. Bf4 a6 13. Bf1 Rb8 14. a5 Ne8 15. Qe3 b5 16. axb6 Rxb6 17. b3 Qc8 18. Bh6 Bd4 19. Qd2 Ng7 20. Ra4 Bf6 21.
Rea1 Nb8 22. Bg5 Ne8 23. Bxf6 Nxf6 24. f4 Rb4 25. e5 dxe5 26. fxe5 Nh5 27. Ne4 Qf5 28.
Nxc5 Rxa4 29. Rxa4 Qxe5 30. Qd4 Qd6 31. Ne4 Qd7 32. c4 Nc6 33. Qc3 Nd8 34. Rxa6 f5 35. Nc5 Qc8 36. Ne6 Qxa6 37. Nxf8 Kxf8 38. Qh8+ Kf7 39. Qxh7+ Ng7 40. Qh4 Qb6+ 41. Qf2 Qxb3 42. Qd4 Nb7 43. c5 Qa3 44. c6 Nd6 45. Qe5 Qc5+ 46.
Kh2 Kf8 47. Be2 Kf7 48. Bf3 Nge8 49. h4 Nf6 50. Qe6+ Kf8 51. h5 Nxh5 52. Bxh5 gxh5 53. Qh6+ Ke8 54. Qxh5+ Kd8 55. Qh8+ Kc7 56. Qf8 Qxd5 57. Qxe7+ Kxc6 58. Qe3 Kd7 59. Qc3 Ke6 60. Kh3 Qe5 61. Qb3+ Kf6 62. Qg8 Qe3+ 63. g3 Qh6+ 64. Kg2 Ne4 65.
Qc4 Qd2+ 66. Kh3 Nf2+ 67. Kh4 Qg5# 0-1

[Event "Late-Titled-Tuesday-Blitz-September-05-2023"]
[Site "Chess.com"]
[Date "2023.09.05"]
[Round "7"]
[White "rasmussvane"]
[Black "AndreiITrifan"]
[Result "1-0"]
[WhiteElo "2942"]
[BlackElo "2629"]
[TimeControl "180+1"]
[EndTime "15:19:17 PDT"]
[Termination "rasmussvane won by resignation"]

1. Nf3 Nf6 2. g3 b6 3. Bg2 Bb7 4. O-O d5 5. d4 e6 6. Ne5 Nbd7 7. c4 Be7 8. Nc3 O-O 9. Bf4 h6 10. Rc1 c6 11. Qb3 Nxe5 12. Bxe5 Bd6 13. Bxd6 Qxd6 14. Rfd1 Rfc8 15. e4 dxc4 16. Qxc4 e5 17. dxe5 Qxe5 18. f4 Qe7 19. e5 Nd5 20. Qd4 Nxc3 21.
Qxc3 Rd8 22. Qf3 Qb4 23. Qf2 Qe7 24. Qf3 Qb4 25. b3 Rd2 26. Rxd2 Qxd2 27. Qc3 Rd8 28. Qxd2 Rxd2 29. a4 Rb2 30. Bxc6 Bxc6 31. Rxc6 Rxb3 32.
Rc8+ Kh7 33. Rc7 Kg6 34. Rxa7 f6 35. exf6 gxf6 36. Kg2 Rb4 37. Ra6 b5 38. a5 Ra4 39. Ra8 b4 40. Kh3 b3 41. Rb8 Rxa5 42. Rxb3 h5 43. Kh4 Ra2 44. h3 Ra5 45. Rd3 Rb5 46.
Rd8 Ra5 47. Rg8+ Kh6 48. Rh8+ Kg6 49. Rb8 Rc5 50. Rb6 Ra5 51. Rd6 Rc5 52. Rb6 Ra5 53. Rc6 Rd5 54. Ra6 Rb5 55. Ra8 Rc5 56. Rh8 Ra5 57.
Rc8 Rb5 58. Rd8 Ra5 59. Rd6 Rb5 60. g4 hxg4 61. hxg4 Rb4 62. f5+ Kg7 63. Rd7+ Kg8 64. Kh5 Rc4 65. g5 fxg5 66. Kg6 Rc8 67. f6 Rf8 68.
Rg7+ Kh8 69. Rh7+ Kg8 70. f7+ Rxf7 71. Rxf7 1-0

[Event "Late-Titled-Tuesday-Blitz-September-05-2023"]
[Site "Chess.com"]
[Date "2023.09.05"]
[Round "7"]
[White "Russian_berezka"]
[Black "ckgchess"]
[Result "1-0"]
[WhiteElo "2606"]
[BlackElo "2829"]
[TimeControl "180+1"]
[EndTime "15:19:18 PDT"]
[Termination "Russian_berezka won by checkmate"]

1. d4 Nf6 2. Bf4 d5 3. e3 Bf5 4. c4 e6 5. Nc3 c6 6. Qb3 Qc8 7. h3 h6 8. Nf3 Nbd7 9. Be2 Be7 10. O-O O-O 11. Rac1 dxc4 12. Bxc4 Nb6 13. Be2 Rd8 14.
Ne5 Nbd5 15. Bh2 Nxc3 16. bxc3 Ne4 17. Rfd1 Bd6 18. Bd3 Qc7 19. Qb1 Nf6 20. Bxf5 exf5 21.
Qxf5 Qe7 22. Bg3 Re8 23. Bh4 Bxe5 24. dxe5 Qxe5 25. Qxe5 Rxe5 26. Bxf6 gxf6 27. Rd7 Rb5 28. Rcd1 Rb2 29. Rc7 Rxa2 30. Rxb7 a5 31. Rdd7 Rf8 32.
Rdc7 a4 33. Rxc6 Kg7 34. Ra6 Rd8 35. Rba7 Rd1+ 36. Kh2 Rxf2 37. Rxa4 f5 38. Rf4 Rc2 39. Rxf5 Rdd2 40. Rfxf7+ Kg6 41. Rg7+ Kf6 42. Rac7 Re2 43.
Rg8 Ke5 44. Rc6 Kd5 45. Rxh6 Rxe3 46. Rg5+ Kc4 47. Rc6+ Kd3 48. c4 Re1 49. Rd6+ Kc3 50. c5 Rcc1 51. c6 Rh1+ 52. Kg3 Kb4 53. Rg7 Rc3+ 54.
Kh4 Rc4+ 55. Rg4 Rc1 56. Rdd4 Rxd4 57. Rxd4+ Kc5 58. Rf4 Kxc6 59. g4 Kd5 60. Rf2 Ke6 61. g5 Rc3 62. Kg4 Rc4+ 63. Kh5 Rc8 64. h4 Rh8+ 65. Kg4 Ra8 66. g6 Ra5 67. h5 Ra4+ 68. Kg5 Ra5+ 69. Kh6 Rf5 70. Rxf5 Kxf5 71. g7 Kf6 72. g8=Q Ke5 73. Kg7 Kd4 74. h6 Kc3 75. h7 Kd2 76. h8=Q Kc3 77. Qd5 Kc2 78. Qc8+ Kb2 79. Qdb7+ Ka2 80. Qca8# 1-0

[Event "Late-Titled-Tuesday-Blitz-September-05-2023"]
[Site "Chess.com"]
[Date "2023.09.05"]
[Round "7"]
[White "NelsonLinda"]
[Black "rquery98"]
[Result "1-0"]
[WhiteElo "2499"]
[BlackElo "2661"]
[TimeControl "180+1"]
[EndTime "15:19:19 PDT"]
[Termination "NelsonLinda won by resignation"]

1. Nf3 Nf6 2. g3 g6 3. Bg2 Bg7 4. O-O O-O 5. d3 d5 6. c4 c5 7.
cxd5 Nxd5 8. Nc3 Nxc3 9. bxc3 Bxc3 10. Rb1 Nc6 11. Qa4 Qd7 12. Qh4 Bg7 13. Bh6 Bxh6 14. Qxh6 f6 15. Nh4 e5 16. Rfc1 Qe7 17. Bd5+ Be6 18. Bxe6+ Qxe6 19. Nxg6 Rf7 20. Nh4 b6 21. Qh5 Nd4 22. e3 Nc6 23. Nf5 Kh8 24. Rc4 Ne7 25. Nh6 Rg7 26. a4 Rd8 27. Rb3 f5 28. Ra3 Qg6 29. Rh4 Qxh5 30. Rxh5 Rf8 31. e4 fxe4 32. dxe4 Ng6 33. Nf5 Rd7 34. Ne3 Rg8 35.
Nd5 Rf8 36. a5 b5 37. a6 b4 38.
Ra5 Rc8 39. Rb5 Kg7 40. Rf5 Rf7 41. Rxf7+ Kxf7 42. Rb7+ Kf8 43. Nf6 c4 44. Nxh7+ Kg8 45. Nf6+ Kf8 46. Nh7+ Kg8 47. Nf6+ Kf8 48. Rxb4 c3 49.
Rb1 Ne7 50. Nd5 Nc6 51. Nxc3 Nd4 52. Nd5 Rc2 53. Rb8+ Kf7 54. Rb7+ Ke6 55. Rxa7 Nf3+ 56. Kg2 Ne1+ 57. Kf1 Nf3 58. Re7+ Kd6 59. a7 Ra2 60. Rh7 Nd2+ 61. Kg2 Nxe4 62. Nb6 Rxf2+ 63. Kg1 Rb2 64. a8=Q Rb1+ 65. Kg2 Rb2+ 66. Kf3 Ng5+ 67. Ke3 Nxh7 68. Nc4+ Ke6 69. Nxb2 Nf6 70. Qc6+ Kf5 71. Qxf6+ Kxf6 72. Ke4 Kg5 73. Nd3 Kg4 74. Nxe5+ Kh3 75. g4 Kxh2 1-0

[Event "Late-Titled-Tuesday-Blitz-September-05-2023"]
[Site "Chess.com"]
[Date "2023.09.05"]
[Round "7"]
[White "jk13"]
[Black "Emp3rador"]
[Result "1-0"]
[WhiteElo "2679"]
[BlackElo "2501"]
[TimeControl "180+1"]
[EndTime "15:19:20 PDT"]
[Termination "jk13 won by resignation"]

1. e4 e6 2. d4 d5 3. Nd2 dxe4 4. Nxe4 Nd7 5. Nf3 Ngf6 6. Nxf6+ Nxf6 7. g3 b6 8. Bg2 Bb7 9. O-O Be7 10. c4 O-O 11.
Qe2 c5 12. Rd1 Qc8 13. d5 Rd8 14. Bg5 h6 15. Bf4 Bf8 16. dxe6 Qxe6 17. Qxe6 fxe6 18.
Ne5 Bxg2 19. Kxg2 g5 20. Be3 Bg7 21. Nc6 Rxd1 22. Rxd1 Kf7 23. b3 a6 24. h3 Rc8 25.
Ne5+ Ke8 26. Kf3 Nd5 27. cxd5 Bxe5 28. dxe6 Ke7 29. Rd7+ Kxe6 30. Ra7 a5 31. Rb7 Bc7 32. Ke4 Kd6 33. Kf5 Kc6 34. Ra7 Re8 35. a4 Rd8 36. Ke4 Re8+ 37. Kd3 Rd8+ 38. Kc4 Re8 39. g4 Re4+ 40.
Kd3 Rb4 41. Kc2 c4 42. bxc4 Rxa4 43. Kd3 Ra3+ 44. Ke4 Ra4 45. Kd3 Ra1 46. Ra8 Rh1 47. Rh8 Rxh3 48. Ke4 Rh2 49. f3 a4 50. Bd4 a3 51.
Ra8 a2 52. Kd3 Bd6 53. Ra6 Bc5 54. Be5 Rf2 55. Ke4 Kb7 56. Ra4 Kc6 57. Ra8 Re2+ 58. Kf5 Rf2 59. Ke4 Kb7 60. Ra4 Be7 61. Bg7 Rh2 62.
Kf5 Bc5 63. Kg6 Rf2 64. Kxh6 Rxf3 65. Rxa2 Rf4 66. Kxg5 Rxc4 67. Kh5 b5 68. g5 b4 69.
Rb2 Kc6 70. g6 Rc1 71. Bf6 Rh1+ 72. Kg4 Kd5 73. g7 Rg1+ 74. Kf5 Bd4 75. Bxd4 Kxd4 76. Rxb4+ Kc5 77. Rg4 Rf1+ 78. Kg6 1-0

[Event "Late-Titled-Tuesday-Blitz-September-05-2023"]
[Site "Chess.com"]
[Date "2023.09.05"]
[Round "7"]
[White "frederiksvane"]
[Black "rezamahdavi2008"]
[Result "1-0"]
[WhiteElo "2946"]
[BlackElo "2766"]
[TimeControl "180+1"]
[EndTime "15:19:25 PDT"]
[Termination "frederiksvane won by resignation"]

1. c4 Nf6 2. Nc3 g6 3. e4 d6 4.
d4 Bg7 5. Be2 O-O 6. Be3 c5 7.
d5 e6 8. Nf3 exd5 9. cxd5 Bg4 10. O-O Bxf3 11. Bxf3 Re8 12. Qc2 a6 13. a4 Nbd7 14.
Rab1 Rc8 15. Rfd1 Qa5 16. Be2 Qb4 17. f3 Nh5 18. Qd2 f5 19. exf5 gxf5 20. Bf2 Qf4 21.
Bf1 Qxd2 22. Rxd2 Re7 23. a5 Rce8 24. Ne2 Bh6 25. Rc2 Be3 26. b4 cxb4 27. Rxb4 Nc5 28. Nd4 Bxf2+ 29. Kxf2 Nf4 30. Rd2 Re5 31. Nb3 Nxb3 32.
Rxb3 R8e7 33. g3 Ng6 34. Rdb2 Kg7 35. Rxb7 Rxd5 36. R7b6 Rxa5 37. Rxd6 Ra7 38. f4 Ne7 39. h4 Ng8 40. Rbb6 Ra2+ 41. Kf3 Rc7 42. Bd3 Ne7 43.
Rxa6 Rxa6 44. Rxa6 Rc3 45. Rd6 Ra3 46. Ke3 Kf7 47. Kd4 Kg7 48. Re6 Kf7 49. Bc4 Kf8 50.
Bd3 Kf7 51. Rh6 Kg7 52. Rb6 Kf7 53. h5 Ra4+ 54. Bc4+ Ke8 55. h6 Ra3 56. Rb8+ Kd7 57. Rh8 Rxg3 58. Rxh7 Rh3 59. Ke5 Re3+ 60. Kf6 Kd6 61.
Rg7 Nc6 62. h7 Rh3 63. Bg8 Nb4 64. Rg6 Nd5+ 65. Bxd5 Rxh7 66. Bf7 Rh3 67. Kxf5+ Kc5 68. Be6 Rh1 69. Ke5 Re1+ 70. Kf6 Kd6 71. f5 Rf1 72.
Rg7 Rf2 73. Rd7+ Kc5 74. Rd3 Rf1 75. Rd5+ 1-0

[Event "Late-Titled-Tuesday-Blitz-September-05-2023"]
[Site "Chess.com"]
[Date "2023.09.05"]
[Round "7"]
[White "Parhamov"]
[Black "MagnusCarlsen"]
[Result "1/2-1/2"]
[WhiteElo "2987"]
[BlackElo "3262"]
[TimeControl "180+1"]
[EndTime "15:19:33 PDT"]
[Termination "Game drawn by repetition"]

1. d4 d5 2. c4 e6 3. Nc3 Nf6 4. cxd5 exd5 5. Bg5 c6 6. e3 Be7 7. Bd3 h6 8. Bh4 O-O 9. Nge2 Re8 10. O-O a5 11.
Qc2 Na6 12. a3 Nc7 13. f3 Ne6 14. Bf2 b5 15. Ng3 Ba6 16. Nce2 c5 17. dxc5 Nxc5 18. Bf5 b4 19. axb4 axb4 20. Rfd1 Bc4 21. Nd4 b3 22. Qd2 Bf8 23. Rxa8 Qxa8 24. Bb1 g6 25. h4 h5 26.
Nge2 Ne6 27. Nxe6 Rxe6 28. Nf4 Ra6 29. Bd3 Ra1 30. Kh2 Rxd1 31. Qxd1 Bg7 32. Qc1 Qa6 33. Qd2 Bxd3 34. Nxd3 Qc4 35. Bg3 Nd7 36. Nf4 Be5 37.
Qa5 Bxb2 38. Qd8+ Nf8 39. Nxd5 Bg7 40. Nf6+ Kh8 41. Ne8 Qe6 42. Nxg7 Kxg7 43. e4 Nd7 44. Qc7 f6 45. Qb7 Kf7 46. Bf4 Ke7 47. Kg3 Qc4 48. Bd2 Qd4 49. Bb4+ Kf7 50. Ba3 Qe5+ 51. Kh3 Qe6+ 52. Kh2 g5 53. hxg5 fxg5 54. Bb2 Kg6 55. Qc7 h4 56. Qc8 Kf7 57. Qh8 Qg6 58. Qd8 Qd6+ 59. Kh1 Qd1+ 60. Kh2 Qd6+ 61. Kh1 Qe6 62. Qh8 h3 63. Qh7+ Ke8 64. gxh3 Qc4 65. Qh8+ Ke7 66. Qg7+ Kd6 67. Qd4+ Qxd4 68. Bxd4 Ne5 69. Kg2 Nd3 70. Kg3 Ke6 71. Kg4 Ne5+ 72. Kg3 Nd3 73. Kg4 Ne5+ 74. Kg3 Nd3 1/2-1/2

[Event "Late-Titled-Tuesday-Blitz-September-05-2023"]
[Site "Chess.com"]
[Date "2023.09.05"]
[Round "7"]
[White "Rud_Makarian"]
[Black "IMRosen"]
[Result "1-0"]
[WhiteElo "2948"]
[BlackElo "2617"]
[TimeControl "180+1"]
[EndTime "15:19:34 PDT"]
[Termination "Rud_Makarian won on time"]

1. d4 e6 2. c4 Ne7 3. Nf3 d6 4. Nc3 Nd7 5. h4 h6 6. h5 Nb6 7. e4 Nc6 8. Be2 Be7 9. Be3 Bd7 10. Qd2 e5 11. d5 Nb8 12. O-O Bg4 13. Ne1 Bxe2 14. Qxe2 N8d7 15. Nc2 Bg5 16. b4 Nf6 17.
c5 Nc8 18. Rac1 Ne7 19. g3 Bxe3 20. Nxe3 O-O 21. a3 Qd7 22. Kg2 Rfe8 23. Rh1 a6 24.
Qc4 b6 25. c6 Qc8 26. a4 Nh7 27. a5 b5 28. Qe2 f5 29. Rh4 Rf8 30. f3 Ng5 31.
Rf1 Rf6 32. g4 f4 33. Nf5 Qf8 34. Rfh1 Qf7 35. Kf2 Kh7 36. Ke1 Nxf5 37. gxf5 Qf8 38. Kd2 Qb8 39. Kc2 Qa7 40. Rd1 Rf7 41. Rg4 Kh8 42.
Kb3 Raf8 43. Rdg1 Qd4 44. Rd1 Qa7 45. Rdg1 Qd4 46. Rxg5 hxg5 47. Rxg5 Rf6 48. Rg6 Qc4+ 49. Qxc4 bxc4+ 50. Kxc4 R6f7 51. Na4 Rb8 52. Nc3 Kh7 53. b5 axb5+ 54. Nxb5 Ra8 55. Kb4 Ra6 56. Ka4 Ra8 57. Re6 Kg8 58. Na3 Kf8 59. Nc4 Re7 60. Rg6 Ree8 61. h6 gxh6 62. Rxh6 Kg7 63. Rg6+ Kf7 64. Rh6 Reb8 65. Rh7+ Kf6 66. Rxc7 Rb1 67. Rb7 Ra1+ 68.
Kb4 Rb1+ 69. Kc3 Rc1+ 70. Kd3 Rf1 71. Ke2 Ra1 72. Rd7 Rh8 73. Rxd6+ Kg5 74. Rg6+ Kh5 75. d6 Rb8 76. Nd2 Rxa5 77. c7 Rb2 78. d7 Raa2 79. d8=Q 1-0

[Event "Late-Titled-Tuesday-Blitz-September-05-2023"]
[Site "Chess.com"]
[Date "2023.09.05"]
[Round "7"]
[White "GianmarcoVaR"]
[Black "Evhen_Taranenko"]
[Result "1-0"]
[WhiteElo "2613"]
[BlackElo "2452"]
[TimeControl "180+1"]
[EndTime "15:19:41 PDT"]
[Termination "GianmarcoVaR won by resignation"]

1. e4 c5 2. Nf3 d6 3. Bb5+ Bd7 4. Bxd7+ Qxd7 5. O-O Nc6 6. Qe2 g6 7. Rd1 Bg7 8. c3 Nf6 9. d4 cxd4 10. cxd4 d5 11.
e5 Ne4 12. Ne1 h6 13. f3 Ng5 14.
Nc3 Ne6 15. Be3 O-O 16. f4 Nc7 17. Nd3 b6 18. Rac1 e6 19. Rc2 Rac8 20. Rdc1 Na5 21. b3 Nc6 22. a3 Na5 23. Rb1 Qe7 24. Nb4 Qd7 25. Qd3 Nc6 26. Nxc6 Qxc6 27. Rbc1 Qd7 28. Na4 Rfd8 29. h3 Bf8 30. b4 Ne8 31. Qa6 Rxc2 32. Rxc2 Rb8 33. Kh2 Bg7 34. Nb2 Bf8 35. Nd3 Ng7 36.
Rc1 Nf5 37. Bf2 Ne7 38. g4 Qb7 39. Qxb7 Rxb7 40. b5 Rb8 41. a4 Rc8 42. Rxc8 Nxc8 43. Be1 Be7 44. Kg3 Kf8 45. h4 Ke8 46. h5 gxh5 47.
gxh5 Kd7 48. Kf3 f6 49. Bd2 f5 50. Bc3 Ke8 51. Be1 Kf7 52. Ke2 Bf8 53. Kd1 Ne7 54.
Bh4 Nc8 55. Kc2 Be7 56. Be1 Ke8 57. Kb3 Kd7 58. Bc3 Bf8 59. Be1 Be7 60. Bf2 Bd8 61. Nb4 Ne7 62. Na6 Kc8 63. Bh4 Kb7 64. Nb4 Kc7 65.
Bxe7 Bxe7 66. Nc6 Bh4 67. Nxa7 Bg3 68. Nc6 Bxf4 69. Kc3 Bg3 70. Kd3 f4 71. Ke2 Kb7 72. Kf3 Kc7 73. Kg4 Kd7 74. Nb8+ Kc7 75. Nc6 Kd7 76.
Nb4 Kc7 77. Nd3 Bf2 78. Nxf2 1-0

[Event "Late-Titled-Tuesday-Blitz-September-05-2023"]
[Site "Chess.com"]
[Date "2023.09.05"]
[Round "7"]
[White "IngOscarArdila"]
[Black "Bobbybunny"]
[Result "0-1"]
[WhiteElo "2375"]
[BlackElo "2227"]
[TimeControl "180+1"]
[EndTime "15:19:42 PDT"]
[Termination "Bobbybunny won by checkmate"]

1. d4 Nf6 2. c4 c5 3. d5 b5 4. Nc3 b4 5. Nb1 d6 6. Nf3 g6 7.
h3 Bg7 8. Bf4 O-O 9. Nbd2 a5 10.
e4 a4 11. Rb1 a3 12. b3 Nbd7 13.
Bd3 Bb7 14. O-O Nh5 15. Bh2 Ra6 16. Re1 e5 17. dxe6 fxe6 18. Qc2 Bc3 19. Red1 e5 20. Nf1 Rxf3 21. gxf3 Qh4 22. Kg2 Nf8 23. Bg3 Nf4+ 24. Bxf4 exf4 25. Nh2 Ne6 26. Bf1 Nd4 27. Qd3 Bc8 28.
Kh1 Bxh3 29. Bxh3 Qxh3 30. Rg1 Ra8 31. Rg4 Rf8 32. Rbg1 Rf6 33. Qf1 Qxf1 34. Rxf1 Ne6 35. Rd1 Bd4 36. Rd2 Kf7 37. Rg1 h5 38. Rgd1 g5 39.
Kg2 Rg6 40. Kf1 g4 41. fxg4 hxg4 42. Kg2 f3+ 43. Kf1 Nf4 44. Rxd4 cxd4 45. Rxd4 Ke6 46. c5 dxc5 47. Rc4 Kd6 48. Rc2 Ne6 49. Rd2+ Nd4 50.
Rd3 Ke5 51. Re3 Ne2 52. Nxf3+ gxf3 53. Rxf3 Nc3 54. Rf5+ Kd4 55. Rf7 Nxa2 56. Rd7+ Kxe4 57. Ke2 Nc1+ 58. Kd1 Nxb3 59. Ra7 Nd4 60. Kd2 Kd5 61.
Kd3 Rf6 62. Ke3 Rf3+ 63. Kd2 Rxf2+ 64. Ke3 Re2+ 65. Kd3 Rf2 66. Ke3 Re2+ 67. Kd3 Re6 68. Kd2 Rc6 69. Kd3 c4+ 70. Ke3 c3 71. Rd7+ Rd6 72.
Rb7 Kc4 73. Rc7+ Kb3 74. Ra7 a2 75. Kd3 Kb2 76. Ke3 Nb5 77. Rb7 Na3 78. Rc7 a1=Q 79.
Ke4 Qe1+ 80. Kf5 Rd5+ 81. Kf6 Qe5+ 82. Kg6 Qxc7 83. Kf6 Qc6+ 84. Ke7 Rd7+ 85. Kf8 Qc8# 0-1

[Event "Late-Titled-Tuesday-Blitz-September-05-2023"]
[Site "Chess.com"]
[Date "2023.09.05"]
[Round "7"]
[White "bazar-wokzal"]
[Black "Lennis93"]
[Result "0-1"]
[WhiteElo "2519"]
[BlackElo "2820"]
[TimeControl "180+1"]
[EndTime "15:20:13 PDT"]
[Termination "Lennis93 won by resignation"]

1. e4 c5 2. c3 Nc6 3. d4 d5 4. exd5 Qxd5 5. Nf3 Bg4 6. Be2 cxd4 7. cxd4 e6 8. O-O Nf6 9. Nc3 Qa5 10. h3 Bh5 11. Qb3 Qb4 12. Be3 Qxb3 13. axb3 Bb4 14. g4 Bg6 15.
Ne5 O-O 16. Nxc6 bxc6 17. Ra6 Nd5 18. Rxc6 Nxe3 19. fxe3 a5 20. Rc1 Rab8 21. Kf2 h6 22.
Bf3 Be7 23. Bd1 Rb7 24. Ra6 Bb4 25. Bf3 Rc7 26. Rc6 Rxc6 27. Bxc6 Rb8 28. Kf3 f5 29. gxf5 Bxf5 30. h4 Rf8 31. Ke2 Be7 32. Rh1 Bg4+ 33.
Kd3 Rf2 34. Bd7 Rxb2 35. d5 Rxb3 36. dxe6 Bf6 37. Rc1 Bxh4 38. Kc4 Rb4+ 39. Kd5 Rb6 40. Kc5 Ra6 41. Bc8 Be7+ 42. Kb5 Rd6 43. Ne4 Rd5+ 44. Kc6 Re5 45. Nc5 Bxc5 46. Rxc5 Rxe3 47. Rxa5 Bxe6 48.
Bb7 Bf7 49. Kd6 g6 50. Bc6 Kg7 51. Ra7 Re6+ 52. Kc5 Rf6 53. Bd5 h5 54. Bb3 Rf5+ 55.
Kd4 h4 56. Ke4 Rf6 57. Ke5 h3 58. Bxf7 Rxf7 59. Ra3 h2 60. Rh3 Rf2 61. Ke4 g5 62. Ke3 Ra2 63. Rh5 Kg6 64. Rh8 Kf5 65. Kf3 Ra3+ 66.
Kg2 Kg4 67. Kxh2 Ra2+ 68. Kg1 Kg3 69. Kf1 Ra1+ 70. Ke2 g4 71. Rg8 Rh1 72. Rg7 Rb1 73.
Rg8 Kh3 74. Rh8+ Kg2 75. Rg8 g3 76. Rg7 Kh2 77. Rh7+ Kg1 78. Rg7 g2 79. Rg8 Rb2+ 80. Ke1 Rb5 81. Ke2 Rf5 82. Rg7 Rf4 83. Ke3 Rf2 84. Ra7 Rf1 85. Rg7 Re1+ 86. Kd2 Re5 87. Rg5 Rxg5 0-1

[Event "Late-Titled-Tuesday-Blitz-September-05-2023"]
[Site "Chess.com"]
[Date "2023.09.05"]
[Round "7"]
[White "Dewarfd"]
[Black "NovikovaGalina"]
[Result "1-0"]
[WhiteElo "2210"]
[BlackElo "2391"]
[TimeControl "180+1"]
[EndTime "15:20:49 PDT"]
[Termination "Dewarfd won by checkmate"]

1. d4 e5 2. dxe5 d6 3. Nf3 Nc6 4. Bg5 Be7 5. Bxe7 Qxe7 6. exd6 cxd6 7. e3 Nf6 8. Be2 Bf5 9. Nc3 O-O-O 10. O-O Kb8 11.
Nd5 Qe6 12. Nxf6 gxf6 13. Nd4 Nxd4 14. Qxd4 Rhg8 15. Bf3 Bxc2 16. Qd5 Qe7 17. Rfc1 Rc8 18. b4 Rg5 19. Qd2 Bf5 20. Rxc8+ Bxc8 21. Rd1 Kc7 22. a4 Bg4 23. Bxg4 Rxg4 24. b5 f5 25. Qc2+ Kb8 26. Rc1 Rg8 27. Qxf5 f6 28. h3 Qg7 29. Qf3 Qe7 30. a5 Qe5 31. b6 Qxa5 32. bxa7+ Qxa7 33. Qxf6 Qb6 34. Qf7 Rh8 35. Qg7 Rd8 36. Qxh7 Qb2 37. Rb1 Rh8 38. Qe4 Qg7 39. Qf4 Qg6 40. Rd1 Rd8 41. Qg4 Qf6 42. Rb1 Qe7 43. Qa4 Rg8 44. Ra1 Qg7 45. Qa7+ Kc7 46. Rc1+ Kd8 47. Qb8+ Kd7 48. Rc7+ Ke6 49. Qxb7 Qa1+ 50. Kh2 Qe5+ 51. g3 Kf6 52. Rf7+ Kg6 53. Re7 Qf6 54. Qe4+ Kh6 55. Qh4+ Qxh4 56. gxh4 Rg6 57. Rd7 Re6 58. Kg3 Kh5 59.
Rh7+ Kg6 60. Ra7 Kh5 61. Ra5+ Kg6 62. h5+ Kh6 63. Kf4 Rf6+ 64. Rf5 Re6 65. e4 Re8 66. f3 Rd8 67. Ke3 Ra8 68. Rf6+ Kxh5 69. Rxd6 Kg5 70.
f4+ Kh4 71. Rh6+ Kg3 72. e5 Ra3+ 73. Ke4 Ra4+ 74. Kd5 Kxf4 75. Rf6+ Kg5 76. Rf1 Ra5+ 77. Ke6 Ra6+ 78. Kf7 Ra7+ 79. Kg8 Re7 80. Re1 Kf5 81. h4 Kg6 82. Kf8 Re6 83. h5+ Kxh5 84. Kf7 Ra6 85. e6 Kh6 86. e7 Ra7 87. Kf8 Kh7 88. e8=Q Rg7 89. Rh1# 1-0